 Crawl Stoat Soup version 0.22-s0-37-g3e08518008 (console) character file.

39 hilarita the Cudgeler (level 3, -12/36 HPs)
             Began as a Gargoyle Berserker on Dec 28, 2019.
             Was a Follower of Trog.
             Mangled by a kobold
             ... wielding a +1 short sword of distortion
              (17 damage)
             ... on level 2 of the Dungeon.
             The game lasted 00:02:24 (965 turns).

hilarita the Cudgeler (Gargoyle Berserker)           Turns: 965, Time: 00:02:25

Health: -12/36     AC:  9    Str: 26    XL:     3   Next: 47%
Magic:  3/3        EV: 11    Int:  7    God:    Trog [*.....]
Gold:   67         SH:  0    Dex:  9    Spells: 2/2 levels left

rFire    . . .     SeeInvis .   a - +0 mace
rCold    . . .     Gourm    .   (no shield)
rNeg     + . .     Faith    .   f - +0 ring mail
rPois    ∞         Spirit   .   (no helmet)
rElec    +         Warding  .   (no cloak)
rCorr    .         Reflect  .   g - +0 pair of gloves
MR       .....     Harm     .   (no boots)
Stlth    ..........             (no amulet)
HPRegen  0.12/turn              (no ring)
MPRegen  0.08/turn              (no ring)

@: berserking, very quick
A: negative energy resistance 1, electricity resistance, unbreathing,
petrification resistance, rot immunity, AC +3
a: Berserk, Renounce Religion


You were on level 2 of the Dungeon.
You worshipped Trog.
Trog was aware of your devotion.
You were very hungry.

You visited 1 branch of the dungeon, and saw 2 of its levels.

You collected 67 gold pieces.

Inventory:

Hand Weapons
 a - a +0 mace (weapon)
Missiles
 b - 15 bolts
Armour
 f - a +0 ring mail (worn)
 g - a +0 pair of gloves (worn)
Potions
 d - a potion of agility {unknown}
 e - 2 potions of haste
 h - a potion of heal wounds {unknown}
 j - a potion of curing {unknown}
Comestibles
 c - 3 bread rations
 i - a chunk of flesh


   Skills:
 + Level 3.7 Fighting
 * Level 3.8 Maces & Flails
 + Level 2.8 Armour
 - Level 1.5 Dodging


You had 2 spell levels left.
You didn't know any spells.
Your spell library was empty.

Dungeon Overview and Level Annotations

Branches:
Dungeon (2/15)

Altars:


Innate Abilities, Weirdness & Mutations

You are resistant to torment.
Your stone body is resilient. (AC +3)
You are immune to poison.
You resist negative energy. (rN+)
You are resistant to electric shocks. (rElec)
You can survive without breathing.
You are immune to petrification.
You are immune to rotting.


Message History

You hit the goblin.
You kill the goblin!
Trog accepts your kill.
The kobold throws a stone.
The stone barely misses you. The kobold hits you but does no damage.
Space warps horribly around you!
Ouch! That really hurt!
* * * LOW HITPOINT WARNING * * *
Things that are here:
a club; a jackal corpse x2
A red film seems to cover your vision as you go berserk!
You feel yourself moving faster!
You feel mighty!
You are feeling very hungry.
The kobold misses you.
You hit the kobold.
The kobold is severely wounded.
The kobold closely misses you.
You closely miss the kobold.
The kobold is severely wounded.
The kobold hits you but does no damage. Space warps horribly around you!
You die...

#.# #.# #.# #.. #.#
........# ... ..# .......#
...###..#.........#
........+.........
..#.##..#... ....
.#...#..... ..#.....#
.#...#...#######K#.....###
.#...#.........#@#..[....#
.....#†..#.#.#.#.#.[.....#
...............#.#.......#
...#...........#'#...(...#
..........###............#
...#......'.+............#
..........###...(........#
..##..#'### ######.......#
......#.# #.#######
#####.#.# #.# #...#
#####.######


You could see a kobold.

Vanquished Creatures
  An adder (D:2)
  A worm (D:2)
  2 dart slugs
  A ball python (D:2)
  A bat (D:2)
  5 hobgoblins
  3 jackals (D:2)
  A kobold (D:2)
  2 frilled lizards (D:1)
  2 goblins
  3 rats
22 creatures vanquished.

Notes
Turn   | Place    | Note
-------+----------+-------------------------------------------
     0 | D:1      | hilarita the Gargoyle Berserker began the quest for the
                  | Orb.
     0 | D:1      | Reached XP level 1. HP: 14/14 MP: 1/1
   598 | D:1      | Reached XP level 2. HP: 19/19 MP: 2/2
   727 | D:2      | Reached XP level 3. HP: 18/23 MP: 3/3
   965 | D:2      | Mangled by a kobold

Vault maps used:
D:1:      lightli_arrival_lavapool
D:2:      first_bread, kennysheep_generic_room_10

Action                   || total
-------------------------++-------
Melee: Mace              ||    85
Invok: Berserk           ||     1
  Use: Scroll            ||     3
Armor: Ring mail         ||    44
       Animal skin       ||     2
Dodge: Dodged            ||    60

Table legend:
 A = Spawn XP
 B = Non-spawn XP
 C = Spawn XP percentage of total XP
 D = Spawn monster count
 E = Non-spawn monster count
 F = Spawn count percentage of total count
 G = Total turns spent on level
                    A         B        C        D         E        F      G
               +---------+---------+-------+---------+---------+-------+---------
         Total |       2 |      55 |   3.5 |       2 |      20 |   9.1 |   965
               +---------+---------+-------+---------+---------+-------+---------
           D:1 |       2 |      11 |  15.4 |       2 |       6 |  25.0 |   603
           D:2 |       0 |      44 |   0.0 |       0 |      14 |   0.0 |   362
               +---------+---------+-------+---------+---------+-------+---------
